 Dungeon Crawl Stone Soup version 0.29-a0-416-g83a48905f1 (webtiles) character file.

Game seed: 8915281369102530

252 Hubjo the Magician (level 5, -7/32 HPs)
             Began as a Deep Elf Fire Elementalist on May 16, 2022.
             Mangled by a gnoll
             ... wielding a +0 spear
             ... led by a gnoll sergeant
              (9 damage)
             ... on level 4 of the Dungeon.
             The game lasted 00:03:41 (2705 turns).

Hubjo the Magician (Deep Elf Fire Elementalist)     Turns: 2705, Time: 00:03:42

Health: -7/32      AC:  2    Str:  3    XL:     5   Next: 89%
Magic:  1/13       EV: 12    Int: 22    God:
Gold:   81         SH:  0    Dex: 15    Spells: 12/13 levels left

rFire   . . .      SeeInvis .   (no weapon)
rCold   . . .      Faith    .   (no shield)
rNeg    . . .      Spirit   .   a - +0 robe
rPois   .          Reflect  .   (no helmet)
rElec   .          Harm     .   (no cloak)
rCorr   .          Rampage  .   (no gloves)
Will    .....                   (no boots)
Stlth   +++.......              (no amulet)
HPRegen 0.10/turn               (no ring)
MPRegen 0.13/turn               (no ring)

@: very slightly contaminated
A: weak 1, MP-powered wands
a: no special abilities


You were on level 4 of the Dungeon.
You visited 1 branch of the dungeon, and saw 3 of its levels.

You collected 81 gold pieces.

Inventory:

Missiles
 d - a throwing net
Armour
 a - a +0 robe (worn)
Scrolls
 e - a scroll of teleportation {unknown}
 g - a scroll of amnesia {unknown}
 h - a scroll of identify {unknown}
Potions
 b - a potion of magic
 c - a potion of curing {unknown}
 f - a potion of heal wounds {unknown}
 i - a potion of mutation {unknown}
 j - a potion of might
 k - a potion of degeneration {unknown}


   Skills:
 * Level 2.9 Fighting
 - Level 2.4 Dodging
 + Level 4.1 Stealth
 + Level 4.5 Spellcasting
 - Level 1.1 Conjurations
 + Level 4.3 Fire Magic


You had 12 spell levels left.
You knew the following spells:

 Your Spells              Type           Power      Damage    Failure   Level
a - Foxfire               Conj/Fire      68%        2x1d7     3%          1

Your spell library contained the following spells:

 Spells                   Type           Power      Damage    Failure   Level
 Scorch                   Fire           48%        2d7       2%          2
 Conjure Flame            Conj/Fire      17%        6-21      11%         3
 Inner Flame              Hex/Fire       14%        N/A       13%         3
 Sublimation of Blood     Necr           4%         N/A       16%         2
 Wereblood                Tmut           4%         N/A       16%         2
 Flame Wave               Conj/Fire      17%        2d6       34%         4
 Summon Hydra             Summ           2%         N/A       100%        7


Dungeon Overview and Level Annotations

Branches:
Dungeon (2/15)

Altars:
Xom


Innate Abilities, Weirdness & Mutations

You are weak. (Str -2)
You expend magic power (3 MP) to strengthen your wands.


Message History

You conjure some foxfire!
The foxfire hits the gnoll sergeant but does no damage.
The gnoll sergeant is moderately wounded.
The foxfire hits the gnoll sergeant but does no damage.
The gnoll sergeant is moderately wounded.
The foxfire hits the gnoll sergeant.
The gnoll sergeant is moderately wounded.
You miscast Foxfire.
You are very lightly contaminated with residual magic.
Nothing appears to happen.
The foxfire hits the gnoll sergeant.
The gnoll sergeant is heavily wounded.
The foxfire hits the gnoll sergeant but does no damage.
The gnoll sergeant is heavily wounded.
You conjure some foxfire!
You conjure some foxfire!
The gnoll sergeant hits you from afar with a +0 spear!
The foxfire hits the gnoll.
The gnoll is moderately wounded.
You are too injured to fight recklessly!
You are too injured to fight recklessly!
The foxfire hits the gnoll sergeant but does no damage.
The gnoll sergeant is heavily wounded.
The foxfire hits the gnoll sergeant but does no damage.
The gnoll sergeant is heavily wounded.
The foxfire hits the gnoll sergeant but does no damage.
The gnoll sergeant is heavily wounded.
Casting: Foxfire (safe; 3% risk of failure)
Confirm with . or Enter, or press ? or * to list all spells.
You conjure some foxfire!
The gnoll closely misses you.
The gnoll sergeant hits you from afar with a +0 spear!
* * * LOW HITPOINT WARNING * * *
The foxfire hits the gnoll sergeant but does no damage.
The gnoll sergeant is heavily wounded.
The foxfire hits the gnoll sergeant.
The gnoll sergeant is severely wounded.
Casting: Foxfire (safe; 3% risk of failure)
Confirm with . or Enter, or press ? or * to list all spells.
You conjure some foxfire!
The gnoll hits you from afar with a +0 spear!
You die...

#.##########
#...).gv@.##########
#.####.gv...........#
#.###....#####.#
#.##.....#####.######
#.###....#..........#
#.# #......###.####.#
#.# ##.#.### #....#.#
..# #.#.#####..#...#
..####............###


You could see a gnoll sergeant (ally target) and a gnoll.

Vanquished Creatures
  Menkaure (D:4)
  A howler monkey (D:4)
  An iguana (D:4)
  A gnoll (D:4)
  2 adders
  A worm (D:4)
  4 dart slugs (D:1)
  A giant cockroach (D:1)
  2 goblins
  A hobgoblin (D:1)
  7 jackals
  3 kobolds
  A quokka (D:1)
  3 ball pythons (D:4)
  2 bats (D:1)
  2 rats (D:1)
33 creatures vanquished.

Vanquished Creatures (others)
  193 foxfires
  A plant (D:1)
194 creatures vanquished.

Grand Total: 227 creatures vanquished

Notes
Turn   | Place    | Note
-------+----------+-------------------------------------------
     0 | D:1      | Hubjo the Deep Elf Fire Elementalist began the quest for
                  | the Orb.
     0 | D:1      | Reached XP level 1. HP: 10/10 MP: 6/6
   189 | D:1      | Reached XP level 2. HP: 16/16 MP: 5/8
   560 | D:1      | Found a faded altar of an unknown god.
   616 | D:1      | Prayed at the altar of an unknown god.
   616 | D:1      | Became a worshipper of Xom of Chaos
   773 | D:1      | Fell from the grace of Xom
   786 | D:1      | Reached skill level 1 in Fighting
  1498 | D:2      | Reached XP level 3. HP: 20/20 MP: 1/9
  1583 | D:2      | You fall into a shaft and drop 2 floors!
  1715 | D:4      | XOM: scenery: 1 doors close
  2155 | D:4      | Reached XP level 4. HP: 23/26 MP: 0/11
  2274 | D:4      | XOM: give mutations
  2274 | D:4      | Gained mutation: You are weak. (Str -2) [Xom's mischief]
  2274 | D:4      | Gained mutation: You expend magic power (3 MP) to
                  | strengthen your wands. [Xom's mischief]
  2448 | D:4      | Noticed Menkaure
  2456 | D:4      | Killed Menkaure
  2457 | D:4      | Reached XP level 5. HP: 29/32 MP: 3/13
  2471 | D:4      | XOM: scenery: summon butterflies
  2705 | D:4      | Mangled by a gnoll

Illustrated notes

Levels and vault maps discovered:
D:1:      psy_arrival_conway, layout_loops_ring, basic_ecumenical_altar,
          serial_park_tiny_2
D:2:      layout_rooms, basic_altar, cheibrodos_gnoll_hut
D:4:      layout_loops_corners, uniq_menkaure

Skill      XL: |  1  2  3  4 |
---------------+-------------+-----
Fighting       | 1 2 |  2.9
Stealth        | 3 4 |  4.1
Spellcasting   | 4 |  4.5
Fire Magic     | 4 |  4.3
Dodging        | |  2.4
Conjurations   | |  1.1

Action                   |  1- 3 |  4- 6 || total
-------------------------+-------+-------++-------
Melee: Unarmed           |     7 |       ||     7
 Cast: Foxfire           |    86 |    46 ||   132
Invok: Renounce Religion |     1 |       ||     1
  Use: Potion            |     1 |       ||     1
Armor: Robe              |     7 |     3 ||    10
Dodge: Dodged            |    25 |     5 ||    30

Table legend: (Time is in decaauts)
 A = Elapsed time spent in this place.
 B = Non-inter-level travel time spent in this place.
 C = Inter-level travel time spent in this place.
 D = Time resting spent in this place.
 E = Time spent auto-exploring this place.
 F = Levels seen in this place.
 G = Mean time per level.
                   A        B        C        D        E       F      G
               +--------+--------+--------+--------+--------+-----+--------+
         Total |   2709 |   2649 |     60 |      0 |   2260 |   3 |  903.0 |
       Dungeon |   2709 |   2649 |     60 |      0 |   2260 |   3 |  903.0 |
               +--------+--------+--------+--------+--------+-----+--------+

Top non-repeatable levels by time:
     D:1: 1458 daAuts
     D:4: 1121 daAuts
     D:2: 129 daAuts
